Map: Sunset Valley LE

Players

Mali

  • Race: Protoss Protoss
  • Spawn Location: 6:00

Ser

  • Race: Protoss Protoss
  • Spawn Location: 5:00

Alexrichi

  • Race: Protoss Protoss
  • Spawn Location: 5:00

EinsTeIN

  • Race: Terran Terran
  • Spawn Location: 5:00

MooEsqoo

  • Race: Zerg Zerg
  • Spawn Location: 12:00

SlasherBash

  • Race: Protoss Protoss
  • Spawn Location: 12:00

EinsamReiter

  • Race: Protoss Protoss
  • Spawn Location: 9:00

vaskatona

  • Race: Protoss Protoss
  • Spawn Location: 11:00

VOD

Have the link to the VOD?

Description

Time

  • Played on: Dec. 22, 2019, 7:04 a.m.
  • Length: 19:38
Show
View Real Time Build Order
Export as new Build Order

Mali Protoss 

Build Orders: Carriers 

Get SALT Encoding   

  12  0:02  Probe  
  13  0:14  Probe  
  13  0:20  Pylon  
  14  0:31  Probe (Chrono Boost)  
  15  0:41  Probe (Chrono Boost)  
  16  0:46  Probe (Chrono Boost)  
  16  0:48  Gateway  
  17  0:59  Forge  
  17  1:02  Assimilator  
  17  1:03  Probe  
  18  1:34  Photon Cannon  
  18  1:40  Photon Cannon  
  18  2:00  Assimilator  
  19  2:01  Probe  
  19  2:02  Nexus  
  19  2:19  Cybernetics Core  
  19  2:24  Pylon  
  19  2:30  Probe  
  20  2:42  Probe  
  21  3:09  Pylon  
  21  3:12  Pylon  
  21  3:13  Stargate  
  21  3:14  Assimilator  
  21  3:18  Assimilator  
  21  3:19  Probe  
  22  3:25  Probe  
  23  3:31  Probe  
  24  3:37  Probe  
  25  3:44  Stargate  
  25  3:52  Protoss Air Weapons Level 1 (Chrono Boost)  
  25  3:55  Probe  
  26  3:56  Probe  
  27  4:10  Void Ray (Chrono Boost)  
  27  4:15  Protoss Shields Level 1 (Chrono Boost)  
  31  4:22  Probe  
  31  4:23  Probe  
  33  4:33  Void Ray (Chrono Boost)  
  37  4:44  Probe  
  38  4:48  Probe  
  39  4:56  Probe  
  40  5:00  Probe  
  41  5:08  Probe  
  41  5:13  Probe  
  43  5:17  Fleet Beacon  
  43  5:46  Nexus  
  43  5:49  Assimilator  
  43  5:54  Assimilator  
  43  5:55  Twilight Council  
  43  5:56  Pylon  
  43  5:58  Pylon  
  43  5:59  Robotics Facility  
  43  6:00  Pylon  
  43  6:17  Probe  
  44  6:20  Probe, Unknown  
  44  6:24  Void Ray  
  49  6:29  Probe  
  51  6:32  Probe  
  51  6:33  Protoss Shields Level 2 (Chrono Boost)  
  51  6:41  Probe  
  51  6:45  Protoss Air Armor Level 1 (Chrono Boost), Probe  
  53  6:51  Observer  
  54  6:58  Probe (Chrono Boost)  
  55  7:08  Probe (Chrono Boost)  
  56  7:10  Void Ray  
  56  7:13  Probe (Chrono Boost), Observer  
  62  7:24  Probe  
  63  7:32  Stargate  
  63  7:34  Stargate  
  63  7:35  Pylon x2  
  63  7:41  Probe  
  64  7:53  Probe  
  64  7:55  Void Ray  
  69  8:00  Void Ray  
  69  8:05  Probe  
  74  8:17  Probe  
  75  8:29  Probe  
  76  8:34  Void Ray x2  
  84  8:41  Carrier  
  84  8:44  Carrier  
  96  9:05  Stargate  
  96  9:15  Pylon x2  
  96  9:17  Pylon  
  96  9:20  Nexus  
  96  9:28  Protoss Air Weapons Level 2 (Chrono Boost)  
  96  9:29  Protoss Shields Level 3  
  96  9:41  Void Ray  
  100  9:48  Carrier  
  106  9:59  Tempest  
  111  10:18  Void Ray x2  
  119  10:24  Void Ray  
  123  10:32  Nexus  
  123  10:43  Stargate  
  123  10:53  Observer  
  124  11:08  Tempest x2  
  134  11:22  Assimilator  
  134  11:27  Assimilator  
  134  11:29  Pylon  
  134  11:30  Pylon  
  134  11:31  Pylon  
  120  11:32  Pylon  
  120  11:34  Pylon  
  120  11:36  Probe  
  120  11:46  Protoss Air Armor Level 2 (Chrono Boost)  
  120  11:48  Probe  
  121  11:58  Probe  
  121  11:59  Probe  
  121  12:00  Probe  
  124  12:09  Void Ray x2  
  124  12:10  Probe  
  124  12:11  Probe  
  124  12:13  Probe  
  135  12:22  Probe  
  120  12:23  Probe  
  120  12:25  Probe  
  87  12:45  Carrier  
  87  12:46  Carrier  
  79  12:56  Probe (Chrono Boost)  
  69  13:00  Carrier  
  76  13:06  Probe (Chrono Boost)  
  76  13:11  Probe (Chrono Boost)  
  77  13:15  Carrier  
  83  13:28  Void Ray  
  83  13:33  Probe  
  88  13:37  Probe  
  89  13:45  Probe  
  89  13:49  Tempest, Probe  
  95  13:55  Tempest  
  95  13:57  Probe  
  101  14:13  Tempest, Protoss Air Weapons Level 3 (Chrono Boost)  
  106  14:27  Void Ray  
  106  14:28  Void Ray  
  114  14:34  Pylon  
  114  14:51  Void Ray x2  
  122  15:11  Void Ray x2  
  130  15:14  Void Ray  
  101  16:43  Carrier x2  
  101  16:44  Carrier x4  
  90  17:34  Nexus  
  90  17:37  Assimilator  
  90  17:40  Assimilator  
  90  17:47  Tempest x3  
  90  17:48  Tempest x2, Carrier  
  121  18:10  Observer  
  122  18:30  Tempest x3  
  122  18:31  Observer  
  138  18:49  Tempest x2  
  138  18:51  Tempest  
Show
View Real Time Build Order
Export as new Build Order

Ser Protoss 

Build Orders: Nexus First 

Get SALT Encoding   

  12  0:06  Probe  
  13  0:18  Probe  
  14  0:41  Probe  
  15  0:54  Nexus  
  15  0:59  Pylon  
  15  1:17  Probe (Chrono Boost)  
  16  1:29  Probe (Chrono Boost)  
  17  1:36  Probe (Chrono Boost)  
  18  1:42  Forge  
  18  2:04  Probe (Chrono Boost)  
  19  2:09  Pylon  
  19  2:16  Probe (Chrono Boost)  
  19  2:22  Photon Cannon  
  20  2:25  Probe (Chrono Boost), Photon Cannon  
  20  2:27  Photon Cannon  
  21  2:31  Probe  
  22  2:39  Probe  
  22  2:43  Probe  
  24  2:45  Photon Cannon  
  24  2:49  Gateway  
  24  2:55  Probe (Chrono Boost)  
  25  2:59  Photon Cannon  
  25  3:02  Assimilator  
  25  3:07  Assimilator, Probe (Chrono Boost)  
  26  3:15  Probe (Chrono Boost)  
  27  3:21  Probe  
  28  3:30  Pylon  
  28  3:33  Probe  
  29  3:40  Cybernetics Core  
  29  3:45  Probe (Chrono Boost)  
  32  3:56  Assimilator  
  32  3:57  Probe (Chrono Boost)  
  32  3:58  Probe (Chrono Boost)  
  32  4:06  Assimilator, Probe x2 (Chrono Boost)  
  34  4:12  Probe (Chrono Boost)  
  34  4:13  Probe (Chrono Boost)  
  34  4:16  Photon Cannon  
  36  4:18  Photon Cannon  
  37  4:24  Probe (Chrono Boost)  
  37  4:33  Stargate  
  37  4:34  Probe (Chrono Boost), Stargate  
  38  4:40  Probe (Chrono Boost)  
  38  4:42  Probe (Chrono Boost)  
  40  4:50  Probe (Chrono Boost)  
  42  4:53  Probe (Chrono Boost)  
  42  4:55  Probe (Chrono Boost)  
  42  4:56  Photon Cannon  
  43  5:00  Stargate  
  43  5:02  Probe  
  43  5:03  Stargate  
  44  5:09  Pylon  
  44  5:14  Pylon  
  44  5:27  Void Ray  
  48  5:30  Void Ray  
  52  5:36  Assimilator  
  52  5:40  Assimilator  
  52  5:42  Probe, Nexus  
  53  5:49  Void Ray  
  57  5:54  Probe  
  58  5:58  Void Ray  
  62  6:07  Probe (Chrono Boost)  
  64  6:19  Probe (Chrono Boost)  
  64  6:23  Void Ray  
  68  6:26  Probe (Chrono Boost)  
  68  6:31  Pylon x2  
  69  6:33  Probe  
  69  6:39  Stargate  
  70  6:48  Void Ray  
  70  6:49  Pylon x2  
  70  6:51  Probe (Chrono Boost), Pylon  
  75  6:54  Probe (Chrono Boost)  
  77  7:05  Probe (Chrono Boost)  
  77  7:06  Probe (Chrono Boost)  
  78  7:09  Probe (Chrono Boost)  
  78  7:14  Void Ray x2  
  78  7:15  Void Ray  
  92  7:23  Probe (Chrono Boost)  
  92  7:24  Probe (Chrono Boost)  
  93  7:34  Probe (Chrono Boost), Protoss Air Weapons Level 1  
  93  7:36  Probe (Chrono Boost)  
  95  7:44  Void Ray x2  
  103  7:57  Void Ray  
  107  8:02  Void Ray  
  111  8:06  Void Ray  
  115  8:13  Nexus  
  115  8:17  Pylon  
  115  8:19  Pylon  
  115  8:22  Pylon  
  115  8:27  Assimilator  
  114  8:46  Void Ray x2  
  114  8:47  Void Ray x2  
  130  9:05  Pylon  
  130  9:07  Pylon  
  130  9:08  Pylon  
  130  9:10  Pylon  
  130  9:12  Pylon  
  130  9:13  Pylon  
  130  9:14  Pylon  
  130  9:15  Pylon  
  130  9:23  Void Ray  
  122  9:29  Void Ray  
  86  9:38  Void Ray x3  
  94  10:05  Void Ray  
  98  10:23  Void Ray (Chrono Boost)  
  98  10:24  Void Ray x2 (Chrono Boost)  
  114  10:29  Void Ray (Chrono Boost)  
  114  10:48  Void Ray (Chrono Boost)  
  114  10:50  Pylon  
  114  10:52  Nexus  
  118  11:03  Void Ray (Chrono Boost)  
  122  11:12  Protoss Shields Level 1 (Chrono Boost)  
  122  11:14  Pylon  
  122  11:17  Photon Cannon  
  122  11:19  Photon Cannon  
  122  11:21  Photon Cannon  
  122  11:22  Shield Battery  
  122  11:25  Pylon  
  122  11:27  Pylon  
  118  11:59  Photon Cannon  
  118  12:01  Photon Cannon  
  118  12:04  Photon Cannon  
  118  12:07  Photon Cannon  
  118  12:25  Probe  
  118  12:27  Assimilator  
  119  12:31  Assimilator  
  119  12:36  Void Ray x5  
  140  12:37  Probe  
  140  12:49  Probe  
  141  12:58  Protoss Air Armor Level 1  
  141  13:01  Probe  
  142  13:06  Shield Battery  
  142  13:13  Probe  
  142  13:19  Void Ray x5  
  163  14:01  Void Ray  
  163  14:02  Void Ray x4  
  95  14:44  Void Ray x2  
  95  14:45  Void Ray x3  
  103  15:01  Fleet Beacon  
  103  15:27  Void Ray x3  
  103  15:28  Void Ray x2  
  123  15:35  Nexus, Unknown  
  123  15:37  Pylon  
  123  15:39  Pylon  
  123  15:41  Pylon  
  123  15:43  Pylon  
  123  15:46  Pylon  
  123  15:59  Protoss Air Weapons Level 2 (Chrono Boost)  
  123  16:10  Photon Cannon, Void Ray x3  
  135  16:14  Photon Cannon  
  135  16:15  Photon Cannon  
  135  16:17  Photon Cannon  
  135  16:20  Photon Cannon  
  135  16:22  Photon Cannon  
  135  16:25  Assimilator  
  135  16:26  Photon Cannon  
  135  16:31  Assimilator  
  135  16:40  Tempest x2  
  145  16:53  Tempest x3  
  160  17:23  Tempest, Carrier  
  171  17:35  Tempest  
  171  17:36  Tempest, Carrier  
Show
View Real Time Build Order
Export as new Build Order

Alexrichi Protoss 

Build Orders: 1 Gate Expand, Double Forge 

Get SALT Encoding   

  12  0:02  Probe (Chrono Boost)  
  13  0:12  Probe (Chrono Boost)  
  14  0:21  Pylon  
  14  0:25  Probe  
  15  0:30  Assimilator  
  15  0:40  Gateway  
  15  0:43  Probe  
  16  0:55  Probe  
  17  1:01  Forge  
  17  1:08  Probe (Chrono Boost)  
  19  1:20  Probe (Chrono Boost)  
  19  1:37  Nexus  
  19  1:42  Zealot  
  21  1:52  Pylon  
  21  1:54  Probe  
  22  2:02  Protoss Ground Weapons Level 1 (Chrono Boost)  
  22  2:04  Pylon  
  22  2:08  Assimilator  
  22  2:10  Probe  
  23  2:22  Probe  
  24  2:37  Photon Cannon  
  24  2:40  Photon Cannon  
  24  2:43  Probe  
  25  2:48  Probe  
  26  2:55  Probe  
  26  2:58  Cybernetics Core  
  27  3:05  Pylon  
  27  3:12  Probe  
  28  3:13  Pylon  
  28  3:15  Probe  
  29  3:25  Gateway  
  29  3:27  Probe  
  29  3:28  Probe  
  29  3:31  Warp Gate (Chrono Boost)  
  31  3:46  Twilight Council  
  31  3:57  Protoss Ground Armor Level 1 (Chrono Boost)  
  31  3:58  Probe x2  
  33  4:04  Photon Cannon  
  33  4:07  Assimilator  
  33  4:10  Probe x2  
  35  4:19  Gateway  
  35  4:22  Probe x2  
  37  4:27  Photon Cannon  
  37  4:29  Blink (Chrono Boost)  
  37  4:53  Forge  
  37  5:05  Nexus  
  37  5:11  Pylon  
  37  5:13  Assimilator  
  37  5:41  Probe x2  
  37  5:42  Photon Cannon  
  39  5:45  Assimilator  
  39  5:47  Pylon  
  39  5:54  Shield Battery  
  39  5:55  Shield Battery  
  39  6:00  Gateway  
  39  6:06  Protoss Ground Weapons Level 2 (Chrono Boost)  
  39  6:07  Probe, Pylon  
  39  6:08  Probe  
  39  6:09  Protoss Shields Level 1 (Chrono Boost)  
  41  6:19  Probe  
  42  6:31  Probe  
  43  6:38  Pylon  
  43  6:44  Shield Battery  
  43  6:45  Probe x2  
  43  6:46  Probe  
  46  6:55  Gateway  
  46  6:56  Gateway  
  46  7:02  Gateway  
  46  7:03  Gateway  
  46  7:07  Gateway  
  46  7:10  Gateway  
  46  7:15  Pylon  
  46  7:16  Pylon  
  46  7:21  Pylon  
  46  7:22  Probe  
  47  7:23  Probe  
  47  7:24  Probe  
  47  7:27  Pylon  
  49  7:31  Pylon  
  49  7:43  Pylon  
  49  7:44  Assimilator  
  49  7:45  Probe x3  
  52  7:51  Stalker x2  
  56  8:02  Protoss Ground Armor Level 2 (Chrono Boost)  
  56  8:10  Stalker x4  
  56  8:11  Stalker x3  
  70  8:17  Protoss Shields Level 2 (Chrono Boost)  
  70  8:19  Probe (Chrono Boost)  
  71  8:27  Photon Cannon  
  71  8:29  Probe (Chrono Boost)  
  71  8:33  Photon Cannon  
  72  8:34  Stalker  
  72  8:35  Stalker x5  
  72  8:36  Photon Cannon  
  72  8:38  Stalker  
  86  9:36  Stalker x3  
  86  9:37  Stalker x6  
  104  9:48  Photon Cannon  
  104  9:51  Photon Cannon  
  104  9:56  Gateway x2  
  104  9:59  Gateway  
  101  10:19  Stalker x3  
  101  10:20  Stalker x6  
  101  10:21  Photon Cannon x2  
  119  10:23  Photon Cannon  
  119  10:32  Protoss Ground Weapons Level 3 (Chrono Boost)  
  119  10:44  Protoss Ground Armor Level 3 (Chrono Boost)  
  119  10:49  Shield Battery  
  119  10:54  Photon Cannon  
  119  10:58  Photon Cannon  
  119  11:14  Stalker x3  
  119  11:15  Stalker x6  
  119  11:16  Stalker x2  
  59  13:36  Stalker x7  
  59  13:37  Stalker x5  
  59  13:41  Protoss Shields Level 3 (Chrono Boost)  
  81  14:00  Stalker x8  
  81  14:01  Stalker x4  
  105  14:24  Stalker x4  
  105  14:25  Stalker x7  
  105  14:26  Stalker  
  59  17:09  Stalker x6  
  59  17:10  Stalker x6  
  59  17:14  Nexus  
  83  17:18  Pylon  
  83  17:23  Assimilator x2  
  83  17:43  Stalker x2  
  83  17:44  Stalker x6  
  91  17:45  Stalker x4  
  107  17:54  Photon Cannon  
  107  17:56  Photon Cannon  
  107  18:29  Stalker x3  
  107  18:30  Stalker x2  
  107  18:31  Stalker x5  
  107  18:32  Stalker x2  
  131  18:43  Nexus  
Show
View Real Time Build Order
Export as new Build Order

EinsTeIN Terran 

Build Orders: Mech 

Get SALT Encoding   

  12  0:10  Refinery  
  12  0:11  SCV  
  13  0:28  Supply Depot  
  13  0:32  SCV  
  14  0:44  SCV  
  15  0:57  Barracks  
  15  0:58  Supply Depot  
  15  1:04  SCV  
  16  1:17  Supply Depot  
  16  1:31  SCV  
  17  1:44  SCV  
  18  1:51  Supply Depot  
  18  1:53  Marine  
  19  1:58  Factory  
  19  2:01  Orbital Command  
  19  2:19  Marine  
  20  2:27  Engineering Bay  
  20  2:28  SCV  
  21  2:40  SCV  
  22  2:44  Factory Tech Lab  
  22  2:47  Marine  
  23  2:52  SCV  
  23  2:58  Missile Turret  
  24  3:04  SCV  
  25  3:07  Refinery  
  25  3:10  Siege Tank  
  28  3:18  SCV  
  29  3:21  Marine  
  30  3:41  Missile Turret  
  30  4:06  Barracks Tech Lab  
  30  4:07  Supply Depot  
  30  4:09  Supply Depot  
  30  4:36  Siege Tank  
  33  4:42  Factory  
  33  4:51  Armory  
  33  5:20  Command Center  
  33  5:32  Siege Tank  
  36  5:36  Factory Tech Lab  
  36  5:49  Factory  
  36  6:01  Drilling Claws  
  36  6:05  Widow Mine  
  36  6:06  Widow Mine  
  40  6:17  Command Center  
  40  6:27  Widow Mine x2  
  40  6:28  SCV  
  45  6:38  Refinery  
  45  6:40  SCV  
  45  6:42  SCV  
  47  6:48  Factory Tech Lab  
  47  6:52  SCV  
  48  6:54  SCV  
  49  7:04  SCV  
  49  7:06  SCV  
  51  7:16  SCV  
  51  7:18  SCV  
  53  7:29  SCV  
  54  7:30  SCV  
  54  7:32  Thor  
  54  7:35  Terran Vehicle And Ship Armor Level 1  
  61  7:39  Armory  
  61  7:41  SCV  
  61  7:42  SCV  
  63  7:53  SCV  
  63  7:54  SCV  
  63  7:57  Neosteel Armor  
  65  8:01  Command Center  
  65  8:05  SCV  
  66  8:07  SCV  
  66  8:09  Thor  
  73  8:20  Refinery  
  73  8:21  SCV  
  74  8:33  SCV  
  75  8:45  SCV  
  76  8:55  Thor x2  
  76  8:57  SCV  
  76  8:58  Widow Mine  
  91  9:08  Orbital Command  
  91  9:09  SCV  
  92  9:14  Planetary Fortress  
  92  9:21  Supply Depot  
  92  9:38  Hi-Sec Auto Tracking  
  92  10:07  Missile Turret  
  92  10:10  SCV  
  92  10:11  SCV x2  
  95  10:17  SCV  
  96  10:22  SCV  
  96  10:23  SCV x2  
  96  10:26  Terran Vehicle And Ship Armor Level 2, Terran Vehicle Weapons Level 1  
  96  10:27  Missile Turret, Supply Depot  
  99  10:29  SCV  
  99  10:31  Supply Depot  
  99  10:35  SCV x3  
  103  10:41  SCV  
  104  10:47  SCV x2  
  106  10:50  Missile Turret, Supply Depot  
  106  10:54  Refinery  
  106  10:55  Thor x3, Supply Depot  
  106  10:56  Refinery  
  124  11:16  Supply Depot  
  124  11:22  Supply Depot  
  124  11:40  Supply Depot  
  124  11:46  Missile Turret, Supply Depot  
  124  11:51  Missile Turret  
  124  11:52  Missile Turret  
  124  11:53  Missile Turret  
  124  11:54  Missile Turret  
  124  12:07  Missile Turret  
  124  12:14  Missile Turret x3  
  124  12:15  Missile Turret x2  
  124  12:26  Thor x2  
  124  12:27  Thor  
  142  12:33  Terran Vehicle Weapons Level 2  
  142  13:04  Factory  
  142  13:09  Widow Mine  
  142  13:10  Widow Mine x2  
  148  14:17  Thor x3  
  166  14:59  Missile Turret  
  166  15:00  Thor  
  166  15:03  Missile Turret  
  166  15:05  Missile Turret  
  172  15:34  Thor  
  178  15:44  Thor  
  178  15:46  Thor  
  184  15:52  Supply Depot x2  
  184  15:54  Supply Depot  
  184  15:56  Supply Depot x2  
  184  16:01  Factory Tech Lab  
  172  16:05  Terran Vehicle Weapons Level 3, Terran Vehicle And Ship Armor Level 3  
  166  16:17  Thor  
  172  16:26  Thor  
  178  17:10  Thor x2  
  178  17:11  Thor  
  90  18:31  Widow Mine x3  
  90  18:32  Widow Mine  
  91  18:52  Widow Mine  
  91  18:53  Widow Mine x3  
  99  19:02  Starport x2  
  99  19:03  Starport  
  99  19:14  Widow Mine x4  
Show
View Real Time Build Order
Export as new Build Order

MooEsqoo Zerg 

Build Orders: Hatch First 

Get SALT Encoding   

  12  0:11  Drone  
  12  0:13  Overlord  
  13  0:21  Drone  
  14  0:37  Drone x2  
  16  0:54  Drone  
  17  1:08  Hatchery  
  17  1:09  Drone  
  17  1:22  Drone  
  17  1:23  Drone  
  19  1:43  Extractor  
  18  1:49  Spawning Pool  
  18  1:51  Drone x3  
  20  2:04  Drone  
  21  2:40  Roach Warren  
  21  2:41  Lair  
  21  2:44  Drone x4  
  24  2:57  Queen  
  26  3:04  Hatchery  
  25  3:13  Zergling x6  
  25  3:15  Overlord x2  
  28  3:33  Queen  
  30  3:37  Overlord x2  
  30  3:40  Roach x2  
  30  3:41  Roach  
  36  3:56  Queen  
  38  4:04  Spire, Drone  
  38  4:05  Drone  
  38  4:06  Roach  
  38  4:07  Drone  
  42  4:21  Queen  
  42  4:22  Queen  
  46  4:45  Extractor x2  
  45  4:47  Drone  
  45  4:48  Drone x3  
  45  4:49  Drone  
  45  4:50  Roach x4  
  45  4:52  Roach  
  59  4:57  Overlord  
  59  5:00  Extractor  
  58  5:22  Mutalisk x3  
  58  5:26  Drone  
  58  5:27  Drone  
  66  5:30  Drone  
  66  5:32  Drone  
  66  5:33  Drone x2  
  70  5:36  Drone  
  70  5:38  Drone  
  72  5:49  Drone x2  
  74  5:51  Overlord  
  74  5:52  Overlord x2  
  74  5:58  Metabolic Boost  
  74  6:05  Overlord  
  74  6:06  Overlord  
  74  6:16  Mutalisk x2  
  78  6:38  Mutalisk  
  78  6:39  Mutalisk  
  82  6:42  Drone x5  
  82  6:43  Drone  
  82  6:44  Drone x2  
  82  6:45  Drone x2  
  82  6:46  Hatchery  
  91  6:47  Overlord x2  
  91  7:03  Hydralisk Den  
  91  7:06  Mutalisk x2  
  91  7:07  Drone  
  91  7:08  Drone x5  
  100  7:24  Extractor  
  100  7:25  Extractor  
  98  7:37  Mutalisk x3  
  104  7:47  Zerg Flyer Weapons Level 1  
  104  7:49  Roach, Drone x3  
  104  7:50  Drone x2  
  111  8:03  Mutalisk  
  113  8:45  Mutalisk x5  
  113  8:46  Mutalisk x2  
  113  8:47  Drone x5  
  113  8:48  Drone  
  133  9:00  Drone x3  
  136  9:07  Overlord x2  
  136  9:08  Overlord x3  
  136  9:20  Extractor  
  136  9:22  Extractor, Queen  
  136  9:25  Queen x3  
  142  9:42  Mutalisk x3  
  142  9:43  Mutalisk x6  
  150  10:10  Roach, Mutalisk  
  150  10:11  Mutalisk x3  
  161  10:14  Drone x5  
  161  10:15  Drone x3  
  168  10:27  Drone x3  
  171  11:10  Mutalisk  
  171  11:11  Roach, Mutalisk  
  173  11:14  Overlord x8  
  173  11:15  Overlord x3  
  175  11:31  Corruptor x2  
  146  11:47  Corruptor x3  
  146  11:48  Corruptor x6  
  148  12:05  Corruptor x5  
  148  12:06  Corruptor x2  
  162  12:14  Corruptor x3  
  168  12:28  Corruptor  
  168  12:29  Corruptor x2  
  152  13:01  Mutalisk x4  
  152  13:02  Mutalisk x3  
  158  13:19  Mutalisk x4  
  166  13:22  Drone x7  
  166  13:23  Drone x5  
  178  13:40  Nydus Network  
  177  13:41  Zergling x4  
  177  13:42  Zergling x4  
  177  13:56  Zerg Flyer Weapons Level 2  
  177  13:59  Zergling x4  
  177  14:00  Zergling x12  
  177  14:01  Zergling x4  
  124  14:32  Zergling x12  
  124  14:33  Zergling x6  
  124  14:37  Mutalisk x4  
  124  14:38  Mutalisk x3  
  143  14:44  Overseer x3  
  147  14:47  Pneumatized Carapace  
  147  14:59  Mutalisk x6  
  93  15:37  Zergling x8  
  93  15:38  Zergling x10  
  80  16:36  Hatchery  
Show
View Real Time Build Order
Export as new Build Order

SlasherBash Protoss 

Build Orders: Cannon Rush, Carriers 

Get SALT Encoding   

  12  0:06  Probe (Chrono Boost)  
  13  0:16  Probe (Chrono Boost)  
  13  0:21  Probe (Chrono Boost)  
  15  0:29  Pylon  
  15  0:39  Pylon  
  15  0:48  Forge  
  15  0:52  Gateway  
  15  1:05  Pylon  
  15  1:07  Probe (Chrono Boost)  
  16  1:17  Probe (Chrono Boost)  
  17  1:22  Probe (Chrono Boost)  
  18  1:26  Photon Cannon  
  18  1:30  Pylon  
  18  1:36  Photon Cannon  
  18  1:44  Photon Cannon  
  18  1:47  Photon Cannon  
  18  1:50  Photon Cannon  
  18  1:57  Cybernetics Core  
  18  2:00  Assimilator  
  18  2:06  Assimilator  
  18  2:14  Photon Cannon  
  18  2:20  Photon Cannon  
  18  2:34  Zealot  
  20  2:51  Stargate  
  20  3:02  Probe (Chrono Boost)  
  22  3:13  Probe (Chrono Boost)  
  22  3:18  Probe (Chrono Boost)  
  23  3:20  Stargate  
  23  3:24  Pylon  
  23  3:36  Void Ray  
  27  3:52  Stalker  
  29  4:13  Nexus  
  29  4:16  Assimilator  
  29  4:21  Assimilator  
  29  4:25  Void Ray x2  
  37  4:34  Pylon  
  37  4:38  Photon Cannon  
  37  4:46  Stargate  
  37  4:55  Probe (Chrono Boost)  
  38  5:05  Probe (Chrono Boost)  
  39  5:08  Void Ray  
  39  5:10  Probe (Chrono Boost)  
  45  5:22  Probe (Chrono Boost)  
  45  5:29  Probe (Chrono Boost)  
  45  5:35  Void Ray  
  51  5:39  Probe (Chrono Boost)  
  51  5:40  Probe (Chrono Boost)  
  52  5:45  Probe (Chrono Boost)  
  52  5:46  Void Ray  
  57  5:56  Probe  
  58  6:01  Protoss Air Weapons Level 1 (Chrono Boost)  
  58  6:08  Probe  
  59  6:15  Shield Battery  
  59  6:18  Shield Battery  
  59  6:20  Probe  
  59  6:21  Pylon  
  59  6:24  Void Ray  
  64  6:32  Probe, Void Ray  
  69  6:43  Void Ray  
  69  6:44  Probe  
  74  6:48  Protoss Shields Level 1 (Chrono Boost)  
  74  7:14  Nexus  
  74  7:19  Pylon  
  74  7:24  Pylon, Void Ray  
  74  7:25  Void Ray  
  82  7:42  Photon Cannon  
  82  7:43  Protoss Air Armor Level 1 (Chrono Boost)  
  82  7:48  Photon Cannon  
  82  7:52  Assimilator  
  82  7:57  Assimilator, Void Ray  
  86  8:10  Fleet Beacon  
  86  8:19  Shield Battery  
  86  8:22  Photon Cannon  
  86  8:26  Photon Cannon  
  86  8:30  Pylon  
  86  8:31  Probe (Chrono Boost)  
  88  8:41  Probe (Chrono Boost)  
  88  8:43  Probe (Chrono Boost)  
  89  8:49  Probe (Chrono Boost)  
  89  8:50  Probe (Chrono Boost)  
  89  8:54  Robotics Facility  
  91  8:55  Twilight Council  
  91  8:57  Probe  
  91  9:00  Probe  
  93  9:04  Carrier  
  93  9:09  Tempest  
  104  9:14  Probe (Chrono Boost)  
  106  9:17  Probe (Chrono Boost)  
  95  9:24  Probe (Chrono Boost)  
  95  9:29  Probe (Chrono Boost)  
  80  9:40  Probe  
  81  9:45  Carrier  
  81  9:50  Carrier  
  81  9:52  Probe  
  86  10:23  Photon Cannon  
  86  10:28  Photon Cannon  
  86  10:29  Carrier  
  86  10:39  Anion Pulse-Crystals (Chrono Boost)  
  86  10:40  Tempest  
  97  10:54  Observer  
  98  11:05  Photon Cannon  
  98  11:08  Protoss Air Weapons Level 2  
  98  11:12  Photon Cannon  
  98  11:15  Observer, Shield Battery  
  99  11:29  Shield Battery  
  99  11:36  Observer  
  99  11:37  Carrier (Chrono Boost)  
  118  11:44  Carrier x2 (Chrono Boost)  
  118  11:58  Observer  
  119  12:32  Carrier (Chrono Boost)  
  117  12:49  Carrier  
  114  13:07  Carrier  
  111  13:25  Pylon  
  111  13:47  Photon Cannon  
  111  13:53  Pylon, Carrier  
  117  14:05  Pylon  
  117  14:10  Pylon  
  117  14:11  Pylon, Carrier  
  123  14:23  Carrier (Chrono Boost)  
  123  14:46  Protoss Shields Level 2  
  123  14:55  Protoss Air Weapons Level 3 (Chrono Boost), Carrier (Chrono Boost)  
  129  15:13  Carrier (Chrono Boost)  
  140  15:33  Carrier (Chrono Boost)  
  123  15:52  Carrier  
  129  16:10  Carrier (Chrono Boost)  
  135  16:29  Carrier (Chrono Boost)  
  133  17:03  Carrier (Chrono Boost)  
  133  17:11  Carrier (Chrono Boost)  
  133  17:25  Carrier  
  139  17:32  Pylon  
  125  18:00  Tempest  
  130  18:08  Tempest  
Show
View Real Time Build Order
Export as new Build Order

EinsamReiter Protoss 

Build Orders: Cannon Rush 

Get SALT Encoding   

  12  0:03  Probe  
  13  0:17  Probe (Chrono Boost)  
  14  0:24  Pylon  
  14  0:29  Probe (Chrono Boost)  
  15  0:41  Probe (Chrono Boost)  
  16  0:46  Gateway  
  16  0:51  Forge  
  16  0:54  Assimilator  
  16  0:56  Probe  
  17  1:08  Probe  
  18  1:18  Pylon  
  18  1:28  Probe  
  19  1:38  Photon Cannon  
  19  1:40  Probe  
  19  1:43  Photon Cannon  
  20  1:53  Pylon  
  20  1:56  Photon Cannon  
  20  2:06  Assimilator  
  20  2:11  Pylon  
  20  2:15  Cybernetics Core  
  20  2:30  Pylon  
  20  2:38  Probe  
  20  2:43  Photon Cannon  
  21  2:50  Probe  
  22  2:57  Stargate  
  22  3:02  Probe  
  23  3:15  Pylon  
  23  3:22  Photon Cannon  
  23  3:45  Stargate  
  23  3:53  Void Ray  
  27  4:24  Pylon  
  27  4:29  Stargate  
  27  4:30  Pylon  
  27  4:37  Nexus  
  27  4:44  Probe (Chrono Boost)  
  28  4:47  Void Ray (Chrono Boost)  
  28  4:49  Void Ray (Chrono Boost)  
  36  4:55  Probe (Chrono Boost)  
  37  5:00  Probe (Chrono Boost)  
  38  5:11  Probe  
  38  5:12  Void Ray  
  43  5:23  Probe, Void Ray  
  43  5:25  Void Ray  
  52  5:41  Protoss Air Weapons Level 1 (Chrono Boost)  
  52  5:49  Probe (Chrono Boost)  
  53  5:56  Void Ray  
  57  6:00  Probe (Chrono Boost)  
  58  6:04  Probe (Chrono Boost)  
  59  6:12  Void Ray  
  59  6:15  Probe  
  64  6:20  Void Ray  
  68  6:27  Probe, Pylon  
  68  6:29  Pylon  
  69  6:33  Pylon  
  69  6:42  Probe  
  69  6:46  Assimilator  
  70  6:49  Assimilator  
  74  7:04  Void Ray (Chrono Boost)  
  74  7:07  Void Ray (Chrono Boost)  
  78  7:20  Void Ray (Chrono Boost)  
  82  7:47  Probe (Chrono Boost)  
  83  7:58  Protoss Air Armor Level 1, Probe (Chrono Boost)  
  84  8:02  Probe (Chrono Boost)  
  85  8:14  Probe  
  85  8:15  Void Ray (Chrono Boost)  
  94  8:26  Probe, Void Ray (Chrono Boost)  
  99  8:37  Void Ray (Chrono Boost)  
  99  8:38  Probe  
  100  9:09  Protoss Shields Level 1  
  100  9:12  Void Ray  
  100  9:13  Void Ray  
  100  9:16  Void Ray  
  112  9:26  Pylon  
  112  9:28  Pylon  
  112  9:30  Pylon  
  112  10:31  Void Ray x2  
  112  10:32  Void Ray  
  124  10:43  Fleet Beacon  
  124  10:54  Pylon  
  124  11:01  Pylon  
  124  11:05  Pylon  
  124  11:54  Stargate  
  40  12:44  Void Ray (Chrono Boost)  
  40  12:45  Void Ray x2 (Chrono Boost)  
  40  12:50  Void Ray (Chrono Boost)  
  56  13:11  Protoss Air Weapons Level 2 (Chrono Boost)  
  56  13:19  Void Ray x3 (Chrono Boost)  
  72  13:27  Void Ray (Chrono Boost)  
  72  13:59  Void Ray (Chrono Boost)  
  84  14:08  Void Ray x2 (Chrono Boost)  
  88  14:11  Void Ray (Chrono Boost)  
  88  14:45  Carrier  
  94  14:51  Void Ray x2  
  102  15:02  Void Ray  
  106  15:08  Pylon  
  106  15:11  Stargate  
  106  15:34  Void Ray x2  
  114  15:45  Void Ray  
  114  15:48  Void Ray  
  55  16:32  Void Ray x2  
  43  17:28  Pylon  
  43  17:33  Gateway  
  43  17:45  Gateway  
  43  17:50  Pylon  
  43  18:03  Forge  
  43  18:07  Pylon  
  43  18:12  Gateway  
  43  18:30  Assimilator  
  43  18:34  Assimilator  
  43  18:35  Void Ray (Chrono Boost)  
  43  18:36  Void Ray (Chrono Boost)  
Show
View Real Time Build Order
Export as new Build Order

vaskatona Protoss 

Build Orders:  

Get SALT Encoding   

  12  0:27  Probe  
  13  0:39  Probe  
  14  0:47  Probe  
  14  0:49  Assimilator  
  14  0:53  Assimilator  
  15  1:36  Pylon  
  15  1:37  Pylon  
  15  1:54  Probe  
  16  2:05  Probe  
  17  2:13  Probe  
  17  2:21  Probe  
  19  2:32  Probe  
  20  2:44  Probe  
  21  2:56  Probe  
  22  3:30  Forge  
  22  5:13  Photon Cannon  
  22  5:16  Photon Cannon  
Tags
 
Add a new tag
Caveats
  • Supply blocks, unpowered buildings, or Contaminate may cause inaccurate times.
  • Supply counts are checked every 10 seconds.